 Dungeon Crawl Stone Soup version 0.19.1 (webtiles) character file.

21588 ChaseSP the Zephyrmancer (level 12, -11/73 HPs)
             Began as a Tengu Air Elementalist on Dec 1, 2016.
             Was an Elder of Sif Muna.
             Mangled by a tyrant leech (12 damage)
             ... on level 2 of the Lair of Beasts.
             The game lasted 01:15:33 (14884 turns).

ChaseSP the Zephyrmancer (Tengu Air Elementalist)  Turns: 14884, Time: 01:15:34

Health: -11/73     AC: 19    Str:  9    XL:     12   Next: 91%
Magic:  17/26      EV: 12    Int: 26    God:    Sif Muna [****..]
Gold:   678        SH:  0    Dex: 16    Spells: 5 memorised, 4 levels left

rFire  + . .     SeeInvis +     b - staff of air
rCold  . . .     Gourm    .     p - +0 scale mail of the Dwarven Hall {rPois MP+9 Int+5 Dex+2} (curse)
rNeg   . . .     Faith    .     (no shield)
rPois  +         Spirit   .     U - +2 hat {SInv}
rElec  +         Reflect  .     u - +0 cloak
rCorr  .         Harm     .     (no gloves)
MR     .....                    (boots unavailable)
Stlth  +.........               h - amulet of regeneration
                                T - ring of Robustness {AC+8}
                                O - ring of protection from fire

@: about to teleport, repel missiles
A: beak, claws 1, talons 3, able to fly 1
a: Fly, Divine Energy, Channel Magic, Forget Spell, Renounce Religion


You were on level 2 of the Lair of Beasts.
You worshipped Sif Muna.
Sif Muna was greatly pleased with you.
You were not hungry.

You visited 3 branches of the dungeon, and saw 14 of its levels.
You also visited: Ossuary.

You collected 678 gold pieces.

Inventory:

Hand Weapons
 a - a +2 spear of flaming
 r - a +0 blowgun
Armour
 p - the cursed +0 scale mail of the Dwarven Hall (worn) {rPois MP+9 Int+5 Dex+2}
   (You took it off an orc on level 11 of the Dungeon)

   It affects your intelligence (+5).
   It affects your dexterity (+2).
   It protects you from poison.
   It affects your magic capacity (+9).
   It has a curse placed upon it.
 u - a +0 cloak (worn)
 z - a +0 ring mail
 Q - the +0 robe of Pleasant Breezes {rF- Str+2 Int+9 Stlth+}
   (You found it on level 7 of the Dungeon)

   It affects your strength (+2).
   It affects your intelligence (+9).
   It makes you vulnerable to fire.
   It makes you more stealthy.
 U - a +2 hat of see invisible (worn)
Magical Staves
 b - an uncursed staff of air (weapon)
Rods
 D - a +0 rod of shadows (9/9)
   (You found it on level 5 of the Dungeon)
Jewellery
 f - a +1 ring of evasion
 h - an amulet of regeneration (around neck)
 A - a +2 ring of protection
 O - a ring of protection from fire (left claw)
 R - an uncursed ring of fire
 S - an uncursed ring of protection from cold
 T - the ring of Robustness (right claw) {AC+8}
   (You found it on level 8 of the Dungeon)

   [ring of protection]

   It affects your AC (+8).
 X - an uncursed ring of protection from cold
Wands
 d - a wand of iceblast (15/15)
Scrolls
 g - 2 scrolls of enchant weapon
 i - a scroll of enchant armour {unknown}
 l - a scroll of noise {unknown}
 m - 3 scrolls of magic mapping
 n - a scroll of brand weapon
 o - 3 scrolls of blinking
 s - 5 scrolls of amnesia
 B - a scroll of teleportation
 F - 2 scrolls of recharging
 G - 2 scrolls of remove curse
Potions
 e - 2 potions of mutation
 j - 3 potions of curing
 k - a potion of might
 q - 3 potions of brilliance
 t - 2 potions of heal wounds
 v - a potion of agility
 x - 2 potions of cancellation
 E - 5 potions of flight
 I - a potion of ambrosia
 J - 3 potions of lignification
 K - 2 potions of magic
 Z - a potion of haste {unknown}
Books
 H - a book of Misfortune

   Spells                             Type                      Level
   a - Confusing Touch                Hexes                        1
   b - Confuse                        Hexes                        3
   c - Gell's Gravitas                Hexes/Translocation          3
   d - Petrify                        Transmutation/Earth          4
   e - Metabolic Englaciation         Hexes/Ice                    5
   f - Yara's Violent Unravelling     Hexes/Transmutation          5
 N - a book of Conjurations

   Spells                             Type                      Level
   a - Magic Dart                     Conjuration                  1
   b - Searing Ray                    Conjuration                  2
   c - Dazzling Spray                 Conjuration/Hexes            3
   d - Fulminant Prism                Conjuration/Hexes            4
   e - Iskenderun's Mystic Blast      Conjuration                  4
   f - Iskenderun's Battlesphere      Conjuration/Charms           5
 P - a book of Air

   Spells                             Type                      Level
   a - Shock                          Conjuration/Air              1
   b - Swiftness                      Charms/Air                   2
   c - Repel Missiles                 Charms/Air                   2
   d - Static Discharge               Conjuration/Air              3
   e - Lightning Bolt                 Conjuration/Air              5
Comestibles
 c - 7 bread rations
 w - 3 chunks of flesh
 C - 7 meat rations
 L - 2 beef jerkies
 V - a slice of pizza
 W - 5 fruits


   Skills:
 + Level 7.8 Fighting
 + Level 7.4 Armour
 + Level 8.3 Dodging
 + Level 3.5 Stealth
 - Level 3.3 Spellcasting
 + Level 12.3 Conjurations
 - Level 2.9 Charms
 + Level 13.8 Air Magic
 * Level 3.3 Invocations
 - Level 6.2 Evocations


You had 4 spell levels left.
You knew the following spells:

 Your Spells              Type           Power        Failure   Level  Hunger
a - Shock                 Conj/Air       ####         1%          1    None
b - Swiftness             Chrm/Air       ######..     2%          2    #......
c - Static Discharge      Conj/Air       #######.     1%          3    ###....
d - Repel Missiles        Chrm/Air       ######       2%          2    #......
e - Lightning Bolt        Conj/Air       #######...   10%         5    ######.


Dungeon Overview and Level Annotations

Branches:
Dungeon (11/15)            Temple (1/1) D:4            Lair (2/6) D:11
  Snake (0/4) Lair:2          Orc (0/2) D:9
  Swamp: Lair:2-4    Shoals: Lair:2-4

Altars:
Ashenzari
Cheibriados
Dithmenos
Elyvilon
Fedhas
Gozag
Okawaru
Ru
Sif Muna
Uskayaw
Vehumet
Xom
Yredelemnul
Zin
The Shining One
Beogh

Shops:
D:10 =

Annotations:
Lair:2 quoriil's ghost, journeyman MiFi


Innate Abilities, Weirdness & Mutations

You have a beak for a mouth.
You have claws for feet.
You can fly.
You have sharp fingernails.


Message History

The basilisk bites you but does no damage.
The basilisk gazes at you. You resist with some effort.
The tyrant leech bites you but does no damage.
The basilisk bites you but does no damage.
The tyrant leech bites you!!
* * * LOW HITPOINT WARNING * * *
The basilisk bites you!
* * * LOW HITPOINT WARNING * * *
The tyrant leech bites you!
* * * LOW HITPOINT WARNING * * *
The basilisk gazes at you. The tyrant leech completely misses you.
The basilisk bites you.
* * * LOW HITPOINT WARNING * * *
You turn to flesh and can move again.
As you read the scroll of teleportation, it crumbles to dust.
You feel strangely unstable. The basilisk bites you!
* * * LOW HITPOINT WARNING * * *
The tyrant leech bites you!
You die...

##♣ ♣♣.....#...#
#..♣♣♣♣♣....P.....#
#.............#...#
##........###.##...
####P#......#...######.
...........#.<.#..# ##
#...................##
##.####+##..#...#......
#....w@l...........#...
###..###....##...##..#
.. #...♣..#...P#...##
......
#P.#.....##.##.....
.....
#P.#.#....###...#.P#
....
................#####
.. .........#...♣.....#
.. .#......##.......###
.. ####... #.♣...♣.#


You could see a tyrant leech and a basilisk.

Vanquished Creatures
  Gastronok (D:9)
  A hydra (D:11)
  A catoblepas (Lair:2)
  An unseen horror (D:10)
  Pikel (D:5)
  A black mamba (Lair:2)
  3 spiny frogs
  A gargoyle (D:11)
  The ghost of archon2 the Grasshopper, a novice DsWr of Okawaru (D:5)
  A rime drake (Lair:1)
  10 blink frogs
  2 tyrant leeches (Lair:2)
  2 two-headed ogres (D:11)
  2 hippogriffs
  12 yaks
  A wraith (D:11)
  Eustachio (D:5)
  2 basilisks (Lair:2)
  2 hungry ghosts
  Menkaure (D:5)
  6 nagas (Lair:2)
  3 water moccasins
  4 porcupines
  3 ice beasts
  3 orc warriors
  4 slaves (D:5)
  2 phantoms
  4 necrophages
  12 ogres
  10 centaurs
  7 wolves
  3 crocodiles
  2 big kobolds
  9 bullfrogs
  4 gnoll sergeants (D:10)
  A water moccasin zombie (D:11)
  5 scorpions
  13 killer bees
  5 wights (D:9)
  A howler monkey (D:9)
  A bullfrog zombie (D:9)
  7 crimson imps
  A lava snake (D:10)
  2 jellies (D:8)
  2 centaur zombies
  7 hounds
  8 orc priests
  2 bullfrog skeletons
  3 gnoll shamans (D:10)
  10 orc wizards
  Crazy Yiuf (D:3)
  2 centaur skeletons
  5 iguanas
  6 worker ants
  2 hound zombies (D:6)
  11 mummies (Ossuary)
  A howler monkey zombie (D:11)
  Robin (D:2)
  27 gnolls
  13 adders
  6 shadow imps
  An ooze (D:4)
  An adder skeleton (D:4)
  3 worms
  A dart slug (D:1)
  5 leopard geckos
  42 orcs
  2 ball pythons
  7 bats
  9 giant cockroaches
  16 goblins
  12 hobgoblins
  21 jackals
  15 kobolds
  8 quokkas
  12 frilled lizards
  A giant cockroach zombie (D:5)
  2 gnoll skeletons (Ossuary)
  A jackal zombie (D:5)
  3 kobold skeletons (Ossuary)
  A leopard gecko zombie (D:5)
  3 orc skeletons (Ossuary)
  14 rats
  11 rat skeletons (Ossuary)
457 creatures vanquished.

Vanquished Creatures (collateral kills)
  A troll (D:10)
  A sky beast (D:10)
2 creatures vanquished.

Vanquished Creatures (others)
  6 fungi (Lair:2)
  A plant (Lair:2)
  7 toadstools (Lair:2)
14 creatures vanquished.

Grand Total: 473 creatures vanquished

Notes
Turn   | Place    | Note
-------+----------+-------------------------------------------
     0 | D:1      | ChaseSP the Tengu Air Elementalist began the quest for the Orb.
     0 | D:1      | Reached XP level 1. HP: 10/10 MP: 4/4
   332 | D:1      | Reached XP level 2. HP: 13/15 MP: 1/6
   339 | D:1      | Learned a level 2 spell: Swiftness
   876 | D:1      | Reached XP level 3. HP: 18/19 MP: 3/7
   884 | D:1      | Reached skill level 5 in Air Magic
   937 | D:1      | Learned a level 3 spell: Static Discharge
  1532 | D:2      | Reached XP level 4. HP: 24/24 MP: 5/8
  1685 | D:2      | Noticed Robin
  1894 | D:2      | Killed Robin
  1984 | D:2      | Gained mutation: You can fly. [Tengu growth]
  1984 | D:2      | Reached XP level 5. HP: 28/28 MP: 9/9
  2399 | D:3      | Learned a level 2 spell: Repel Missiles
  2434 | D:3      | Reached skill level 5 in Conjurations
  2779 | D:3      | Found a runed door.
  2783 | D:3      | Noticed Crazy Yiuf
  2807 | D:3      | Killed Crazy Yiuf
  3045 | D:4      | Noticed an ogre
  3055 | D:4      | Killed an ogre
  3055 | D:4      | Reached skill level 6 in Air Magic
  3055 | D:4      | Reached XP level 6. HP: 32/32 MP: 5/10
  3082 | D:4      | Reached skill level 1 in Charms
  3210 | D:4      | Noticed a phantom
  3250 | D:4      | Killed a phantom
  3250 | D:4      | Reached skill level 7 in Air Magic
  3250 | D:4      | Reached XP level 7. HP: 22/36 MP: 4/12
  3836 | D:4      | Found a staircase to the Ecumenical Temple.
  4061 | D:5      | Entered Level 5 of the Dungeon
  4087 | D:5      | Reached skill level 1 in Fighting
  4198 | D:5      | Noticed Menkaure
  4220 | D:5      | Killed Menkaure
  4220 | D:5      | Reached XP level 8. HP: 43/43 MP: 9/13
  4227 | D:5      | Learned a level 5 spell: Lightning Bolt
  4270 | D:5      | Reached skill level 8 in Air Magic
  4289 | D:5      | Identified a +0 rod of shadows (9/9) (You found it on level 5 of the Dungeon)
  4299 | D:5      | Noticed archon2's ghost (novice DsWr)
  4318 | D:5      | Killed archon2's ghost
  4318 | D:5      | Reached skill level 1 in Evocations
  4659 | D:5      | Reached skill level 9 in Air Magic
  4706 | D:5      | Noticed Pikel
  5056 | D:5      | Noticed Eustachio
  5123 | D:5      | Killed Eustachio
  5250 | D:5      | Killed Pikel
  5250 | D:5      | Reached XP level 9. HP: 37/52 MP: 4/14
  5877 | D:6      | Found a sand-covered staircase.
  5881 | Ossuary  | Entered an ossuary
  6655 | D:6      | Reached skill level 5 in Dodging
  6784 | Temple   | Entered the Ecumenical Temple
  6841 | Temple   | Became a worshipper of Sif Muna the Loreminder
  7227 | D:6      | Reached skill level 10 in Air Magic
  7231 | D:6      | Reached skill level 5 in Fighting
  7324 | D:6      | Found a blossoming altar of Fedhas.
  7517 | D:6      | Reached XP level 10. HP: 36/59 MP: 7/15
  7687 | D:7      | Got a heavily jewelled robe
  7698 | D:7      | Identified the cursed +0 robe of Pleasant Breezes {rF- Str+2 Int+9 Stlth+} (You found it on level 7 of the Dungeon)
  8125 | D:7      | Reached * piety under Sif Muna
  8615 | D:8      | Reached skill level 1 in Armour
  9084 | D:8      | Reached skill level 11 in Air Magic
  9606 | D:9      | Reached ** piety under Sif Muna
  9686 | D:9      | Noticed Gastronok
  9744 | D:9      | Killed Gastronok
  9744 | D:9      | Reached skill level 12 in Air Magic
  9744 | D:9      | Reached skill level 5 in Evocations
  9744 | D:9      | Reached XP level 11. HP: 36/64 MP: 2/16
  9879 | D:9      | Reached skill level 10 in Conjurations
 10134 | D:9      | Found a roughly hewn altar of Beogh.
 10134 | D:9      | Found a staircase to the Orcish Mines.
 10435 | D:9      | Gained mutation: You have sharp fingernails. [potion of beneficial mutation]
 10451 | D:10     | Entered Level 10 of the Dungeon
 10861 | D:10     | Noticed an unseen horror
 10870 | D:10     | Reached *** piety under Sif Muna
 10886 | D:10     | Killed an unseen horror
 11273 | D:10     | Found Tysenepp's Jewellery Boutique.
 11374 | D:10     | Reached skill level 5 in Armour
 11374 | D:10     | Reached skill level 13 in Air Magic
 11532 | D:11     | Found a staircase to the Lair.
 11718 | D:11     | Noticed a five-headed hydra
 11746 | Lair:1   | Entered Level 1 of the Lair of Beasts
 11846 | D:11     | Killed a five-headed hydra
 11846 | D:11     | Reached XP level 12. HP: 41/72 MP: 7/17
 12017 | D:11     | Identified the cursed +0 scale mail of the Dwarven Hall {rPois MP+9 Int+5 Dex+2} (You took it off an orc on level 11 of the Dungeon)
 12342 | D:11     | Reached **** piety under Sif Muna
 12929 | Lair:1   | Reached skill level 1 in Invocations
 13707 | Lair:2   | Noticed quoriil's ghost (journeyman MiFi)
 14074 | Lair:2   | Found a staircase to the Snake Pit.
 14832 | Lair:2   | Noticed a catoblepas
 14856 | Lair:2   | Killed a catoblepas
 14884 | Lair:2   | HP: 1/73 [basilisk (15)]
 14884 | Lair:2   | Mangled by a tyrant leech

Skill      XL: |  1  2  3  4  5  6  7  8  9 10 11 12 |
---------------+-------------------------------------+-----
Conjurations   | 2 3 4 5 6 7 8 9 10 12 | 12.3
Air Magic      | 5 6 7 9 10 12 13 | 13.8
Charms         | 1 2 |  2.9
Spellcasting   | 3 |  3.3
Fighting       | 1 4 5 6 7 |  7.8
Dodging        | 4 5 7 8 |  8.3
Evocations     | 2 3 5 6 |  6.2
Armour         | 3 5 7 |  7.4
Invocations    | 3 |  3.3
Stealth        | 3 |  3.5

Action                   |  1- 3 |  4- 6 |  7- 9 | 10-12 || total
-------------------------+-------+-------+-------+-------++-------
Melee: Dagger            |    46 |       |       |       ||    46
       Kick              |    18 |    14 |    77 |   132 ||   241
       Peck              |    12 |     9 |    54 |    82 ||   157
       Unarmed           |     3 |       |       |       ||     3
       Club              |    41 |    20 |       |       ||    61
       Spear             |       |    77 |   405 |    50 ||   532
       Staff             |       |       |       |   569 ||   569
 Cast: Shock             |    32 |    44 |   103 |   169 ||   348
       Static Discharge  |     4 |     3 |    13 |    66 ||    86
       Swiftness         |       |       |     5 |     3 ||     8
       Repel Missiles    |       |       |     4 |     1 ||     5
       Lightning Bolt    |       |       |       |    14 ||    14
Invok: Divine Energy     |       |       |       |     2 ||     2
       Stop Divine Energ |       |       |       |     2 ||     2
 Abil: Fly               |       |     2 |     6 |     4 ||    12
Evoke: Rod               |       |       |       |     1 ||     1
  Use: Scroll            |       |     3 |       |    25 ||    28
       Potion            |       |       |       |     9 ||     9
 Stab: Sleeping          |       |     2 |     6 |     1 ||     9
  Eat: Chunk             |     3 |     7 |    15 |    36 ||    61
       Beef jerky        |       |       |     1 |     1 ||     2
       Pizza             |       |       |       |     1 ||     1
       Royal jelly       |       |       |       |     1 ||     1
Armor: Leather armour    |    44 |    27 |     5 |   162 ||   238
       Ring mail         |       |       |   121 |    78 ||   199
       Scale mail        |       |       |       |   161 ||   161
Dodge: Dodged            |   124 |    95 |   253 |   741 ||  1213
       Deflected         |       |       |     7 |    11 ||    18
